 Dungeon Crawl Stone Soup version 0.30-a0-591-g3c58d2bc28 (webtiles) character file.

Game seed: 14437575065571052190

14945 Newt the Spear-Bearer (level 11, -9/77 HPs)
             Began as a Demonspawn Gladiator on Jan 5, 2023.
             Was an Elder of Hepliaklqana.
             Mangled by a polar bear (16 damage)
             ... on level 3 of the Lair of Beasts.
             The game lasted 00:15:35 (10578 turns).

Newt the Spear-Bearer (Demonspawn Gladiator)       Turns: 10578, Time: 00:15:35

Health: -9/77      AC: 14    Str: 19    XL:     11   Next: 95%
Magic:  0/20       EV: 14    Int: 10    God:    Hepliaklqana [****..]
Gold:   686        SH:  9    Dex: 20    Spells: 19/22 levels left

rFire   . . .      SeeInvis .    H - +2 spear (venom)
rCold   . . .      Faith    .    (no shield)
rNeg    + . .      Spirit   +    K - +0 steam dragon scales
rPois   +          Reflect  +    (helmet restricted)
rElec   .          Harm     .    (no cloak)
rCorr   .          Rampage  .    (no gloves)
Will    .....                    (no boots)
Stlth   ++                       m - amulet of reflection
HPRegen 0.32/turn                G - ring of positive energy
MPRegen 0.34/turn                R - +6 ring of dexterity

@: no status effects
A: reduced essence, horns 2, slimy green scales 3, icemail 1, augmentation 1,
magic shield, magic regeneration, condensation shield, wild magic 1
a: Renounce Religion, Recall Ancestor, Ancestor Identity, Transference, Idealise


You were on level 3 of the Lair of Beasts.
You worshipped Hepliaklqana.
Hepliaklqana was greatly pleased with you.
You visited 2 branches of the dungeon, and saw 12 of its levels.

You collected 790 gold pieces.
You spent 104 gold pieces at shops.

Inventory:

Hand Weapons
 a - a +0 rapier
 f - a +2 dagger of draining
 t - a +2 short sword of venom
 C - a +2 dagger of venom
 H - a +2 spear of venom (weapon)
Missiles
 d - a throwing net
 e - 6 javelins
 g - 4 boomerangs of dispersal
 i - 28 poisoned darts
 y - 7 boomerangs
Armour
 b - a +1 leather armour
 c - a +0 helmet
 x - a +0 scale mail
 K - +0 steam dragon scales (worn)
 N - a +0 scale mail
Jewellery
 m - an amulet of reflection (around neck)
 G - a ring of positive energy (left hand)
 M - an amulet of faith
 R - a +6 ring of dexterity (right hand)
 S - an amulet of guardian spirit
Wands
 v - a wand of digging (8)
 I - a wand of charming (15)
 Q - a wand of flame (14)
 T - a wand of acid (7)
Scrolls
 k - 5 scrolls of teleportation
 l - 2 scrolls of enchant weapon
 n - 2 scrolls of poison
 o - 2 scrolls of blinking
 p - 3 scrolls of vulnerability
 s - 5 scrolls of immolation
 w - 2 scrolls of noise
 D - 6 scrolls of enchant armour
 F - a scroll of magic mapping
 O - a scroll of amnesia
 P - a scroll of silence
 V - a scroll of identify
Potions
 h - 4 potions of heal wounds
 j - 3 potions of flight
 q - 3 potions of might
 r - 2 potions of haste
 u - 4 potions of curing
 z - a potion of brilliance
 A - a potion of resistance
 B - 3 potions of berserk rage
 E - 2 potions of lignification
 J - a potion of mutation
 L - 2 potions of attraction
 U - a potion of ambrosia {unknown}


   Skills:
 - Level 8.0 Fighting
 - Level 4.0 Short Blades
 - Level 9.0 Polearms
 - Level 1.7 Throwing
 - Level 6.0 Armour
 - Level 4.0 Dodging
 - Level 2.0 Stealth
 - Level 6.0 Spellcasting
 + Level 5.2 Hexes
 - Level 6.0 Fire Magic
 - Level 5.0 Invocations
 - Level 5.0 Evocations


You had 19 spell levels left.
You knew the following spells:

 Your Spells              Type           Power      Damage    Failure   Level
a - Inner Flame           Hex/Fire       18%        N/A       10%         3

Your spell library contained the following spells:

 Spells                   Type           Power      Damage    Failure   Level
 Apportation              Tloc           6%         N/A       28%         1
 Necrotise                Necr           12%        1d4       28%         1
 Summon Small Mammal      Summ           12%        N/A       28%         1
 Cause Fear               Hex            8%         N/A       32%         4
 Vhi's Electric Charge    Tloc/Air       6%         N/A       61%         3
 Arcjolt                  Conj/Air       1%         1d11      100%        5
 Discord                  Hex            8%         N/A       100%        8
 Maxwell's Capacitive Co  Air            1%         ∞         100%        8


Dungeon Overview and Level Annotations

Branches:
Dungeon (9/15)             Temple (0/1) D:6            Lair (3/5) D:8
  Swamp: Lair:2-3    Shoals: Lair:2-3     Snake: Lair:2-3    Spider: Lair:2-3
    Orc: D:9-12

Altars:
Cheibriados
Hepliaklqana
Nemelex Xobeh
Okawaru
Sif Muna
Trog
Wu Jian
Xom
Yredelemnul

Shops:
D:2 ?

Annotations:
Lair:2 Amaemon


Innate Abilities, Weirdness & Mutations

Your life essence is reduced to manifest your ancestor. (-10% HP)
You have a pair of horns on your head.
You are completely covered in slimy green scales. (AC +4, rPois)
A meltable icy envelope protects you from harm. (AC +4)
Your magical and physical power is slightly enhanced at high health.
When hurt, damage is shared between your health and your magic reserves.
You regenerate magic rapidly.
A meltable shield of frost defends you. (SH +4)
Your spells are a little harder to cast, but a little more powerful.


Message History

The polar bear closely misses you.
You hit the polar bear.
The polar bear is severely wounded.
The polar bear goes berserk!
The naga spits poison at you.
The splash of poison hits you but does no damage.
You are poisoned.
You resist.
Found a fuming coppery potion.
You feel sick.
The polar bear rages.
You feel sick.
You hear a bellow!
You feel sick. The polar bear bites you!! You block the polar bear's attack.
The polar bear misses you. The polar bear bites you!
* * * LOW HITPOINT WARNING * * *
The polar bear closely misses you. x2
You barely miss the polar bear.
You headbutt the polar bear, but do no damage.
The polar bear is almost dead.
The polar bear closely misses you. The polar bear claws you.
* * * LOW HITPOINT WARNING * * *
The polar bear claws you.
* * * LOW HITPOINT WARNING * * *
You barely miss the polar bear.
The polar bear is almost dead.
You feel sick. The polar bear bites you.
* * * LOW HITPOINT WARNING * * *
You block the polar bear's attack.
The polar bear claws you but does no damage.
You barely miss the polar bear.
The polar bear is almost dead.
You feel sick.
You are no longer poisoned.
You block the polar bear's attack.
The polar bear claws you but does no damage.
You block the polar bear's attack.
You hit the polar bear but do no damage.
The polar bear is almost dead.
The polar bear bites you!!
You die...

#.....###~
#.......~~
##......~~~
####.NPNP.~~~.
#.....##~~~~P.
#.......~~~.P.
######.......~~...
#.....h#P.^..~~.~.
..!..P#@#...#..~~~..
##... #####...#.~~~.
#.. ...###~~~~ #.
..P# ..~~ # #.P##
###


You could see a polar bear (berserk, very poisoned) and 2 nagas.

Vanquished Creatures
  Fannar (Lair:1)
  5 death yaks
  Sonja (Lair:1)
  A black mamba (Lair:1)
  A cane toad (Lair:1)
  3 blink frogs (Lair:2)
  A polar bear (Lair:1)
  2 wyverns
  24 yaks
  A steam dragon (Lair:1)
  4 water moccasins
  3 ice beasts
  2 orc warriors
  2 black bears
  4 ogres
  2 kobold brigands
  3 centaurs
  6 bullfrogs
  6 scorpions
  A necrophage (D:6)
  A howler monkey (D:8)
  6 hounds
  2 jellies
  3 orc priests
  Jessica (D:3)
  2 iguanas (D:5)
  4 orc wizards
  3 adders
  10 gnolls
  A white imp (D:6)
  An ufetubus (D:4)
  4 worms (D:2)
  8 dart slugs
  23 orcs
  6 endoplasms
  A giant cockroach (D:4)
  7 goblins
  3 hobgoblins
  2 jackals (D:4)
  5 ball pythons
  5 bats
  3 frilled lizards
  23 kobolds
  4 rats
201 creatures vanquished.

Vanquished Creatures (collateral kills)
  A death yak (Lair:1)
  A cane toad (Lair:1)
  A blink frog (Lair:2)
  5 yaks
  A water moccasin (Lair:1)
  An ice beast (D:5)
  A black bear (Lair:2)
  An ogre (D:5)
  A kobold brigand (D:8)
  A bullfrog (Lair:1)
  An orc wizard (D:5)
  A river rat (D:5)
  3 orcs
  2 kobolds (D:8)
21 creatures vanquished.

Vanquished Creatures (others)
  5 knights
  2 ancestors
  A fungus (Lair:2)
8 creatures vanquished.

Grand Total: 230 creatures vanquished

Notes
Turn   | Place    | Note
-------+----------+-------------------------------------------
     0 | D:1      | Newt the Demonspawn Gladiator began the quest for the Orb.
     0 | D:1      | Reached XP level 1. HP: 16/16 MP: 1/1
    42 | D:1      | Reached skill level 1 in Stealth
   148 | D:1      | Gained mutation: You have a pair of small horns on your
                  | head. [demonic ancestry]
   148 | D:1      | Reached XP level 2. HP: 22/22 MP: 2/2
   798 | D:1      | Gained mutation: You have a pair of horns on your head.
                  | [demonic ancestry]
   798 | D:1      | Reached XP level 3. HP: 28/28 MP: 3/3
  1067 | D:2      | Gained mutation: You are partially covered in slimy green
                  | scales. (AC +2) [demonic ancestry]
  1067 | D:2      | Reached XP level 4. HP: 17/37 MP: 4/4
  1304 | D:2      | Found Tep Jocs's Magic Scroll Boutique.
  1309 | D:2      | Bought a scroll of identify for 26 gold pieces
  1309 | D:2      | Bought a scroll of identify for 26 gold pieces
  1309 | D:2      | Bought a scroll of identify for 26 gold pieces
  1309 | D:2      | Bought a scroll of identify for 26 gold pieces
  1632 | D:3      | Found a sparkling altar of Nemelex Xobeh.
  1632 | D:3      | Found a snail-covered altar of Cheibriados.
  1634 | D:3      | Found an ornate altar of the Wu Jian Council.
  1634 | D:3      | Found an iron altar of Okawaru.
  1634 | D:3      | Found a hazy altar of Hepliaklqana.
  1636 | D:3      | Found a shimmering blue altar of Sif Muna.
  1636 | D:3      | Found a basalt altar of Yredelemnul.
  1655 | D:3      | Became a worshipper of Hepliaklqana the Forgotten
  1763 | D:3      | Noticed Jessica
  1771 | D:3      | Killed Jessica
  2142 | D:3      | Gained mutation: A meltable shield of frost defends you.
                  | (SH +4) [demonic ancestry]
  2142 | D:3      | Reached XP level 5. HP: 40/42 MP: 5/5
  2364 | D:4      | Noticed a black bear
  2364 | D:4      | Noticed a black bear
  2390 | D:3      | Killed a black bear
  2398 | D:4      | Killed a black bear
  2399 | D:4      | Reached skill level 1 in Armour
  2399 | D:4      | Gained mutation: A meltable icy envelope protects you from
                  | harm. (AC +4) [demonic ancestry]
  2399 | D:4      | Reached XP level 6. HP: 47/48 MP: 6/6
  2423 | D:4      | Found a bloodstained altar of Trog.
  2690 | D:4      | Gained mutation: You are mostly covered in slimy green
                  | scales. (AC +3) [demonic ancestry]
  2690 | D:4      | Reached XP level 7. HP: 24/54 MP: 7/7
  2863 | D:4      | Reached * piety under Hepliaklqana
  3084 | D:5      | Entered Level 5 of the Dungeon
  3247 | D:5      | Reached skill level 5 in Fighting
  3728 | D:5      | Reached skill level 1 in Polearms
  3939 | D:5      | Reached skill level 2 in Polearms
  3939 | D:5      | Gained mutation: Your magical and physical power is
                  | slightly enhanced at high health. [demonic ancestry]
  3939 | D:5      | Reached XP level 8. HP: 36/57 MP: 8/8
  3945 | D:5      | Reached skill level 3 in Polearms
  4710 | D:6      | Reached skill level 4 in Polearms
  4719 | D:6      | Reached skill level 5 in Polearms
  4726 | D:6      | Reached skill level 6 in Polearms
  4912 | D:6      | Gained mutation: You are completely covered in slimy green
                  | scales. (AC +4, rPois) [demonic ancestry]
  4912 | D:6      | Reached XP level 9. HP: 62/62 MP: 9/9
  5012 | D:6      | Reached ** piety under Hepliaklqana
  5351 | D:6      | Found a staircase to the Ecumenical Temple.
  5358 | D:6      | Reached skill level 5 in Evocations
  5358 | D:6      | Reached skill level 1 in Invocations
  5873 | D:7      | Remembered your ancestor Zola as a knight
  5874 | D:7      | Reached skill level 5 in Invocations
  5886 | D:7      | Reached skill level 7 in Polearms
  5898 | D:7      | Reached skill level 8 in Polearms
  6252 | D:7      | Reached *** piety under Hepliaklqana
  6306 | D:7      | Gained mutation: You regenerate magic rapidly. [demonic
                  | ancestry]
  6306 | D:7      | Reached XP level 10. HP: 53/68 MP: 13/13
  6605 | D:7      | Gained mutation: Your spells are a little harder to cast,
                  | but a little more powerful. [potion of mutation]
  6716 | D:8      | Noticed a death yak
  6719 | D:8      | Noticed a death yak
  6719 | D:8      | Noticed a death yak
  6733 | D:8      | Killed a death yak
  6734 | D:8      | Reached skill level 9 in Polearms
  6749 | D:8      | Killed a death yak
  6750 | D:8      | Reached skill level 5 in Armour
  6773 | D:7      | HP: 1/68 [yak (6)]
  7119 | D:8      | Killed a death yak
  7878 | D:8      | Found a staircase to the Lair.
  8067 | D:8      | Reached skill level 1 in Spellcasting
  8485 | Lair:1   | Entered Level 1 of the Lair of Beasts
  8521 | Lair:1   | Gained mutation: When hurt, damage is shared between your
                  | health and your magic reserves. [demonic ancestry]
  8521 | Lair:1   | Reached XP level 11. HP: 76/77 MP: 15/17
  8569 | Lair:1   | Noticed Fannar
  8571 | Lair:1   | Noticed a death yak
  8571 | Lair:1   | Noticed a death yak
  8571 | Lair:1   | Noticed a death yak
  8639 | Lair:1   | Killed a death yak
  8646 | Lair:1   | Killed Fannar
  8647 | Lair:1   | Reached skill level 5 in Spellcasting
  8764 | D:8      | Killed a death yak
  8765 | D:8      | Reached skill level 1 in Fire Magic
  8821 | D:8      | Learned a level 3 spell: Inner Flame
  8866 | Lair:1   | Killed a death yak
  8913 | Lair:1   | Reached **** piety under Hepliaklqana
  9260 | Lair:1   | Reached skill level 5 in Fire Magic
  9468 | Lair:1   | Noticed Sonja
  9478 | Lair:1   | Killed Sonja
  9522 | Lair:1   | Reached skill level 1 in Hexes
 10134 | Lair:2   | Found a shimmering altar of Xom.
 10378 | Lair:2   | Reached skill level 5 in Hexes
 10548 | Lair:2   | Noticed Amaemon
 10578 | Lair:3   | Mangled by a polar bear

Illustrated notes

Levels and vault maps discovered:
D:1:      nicolae_arrival_somewhat_less_tricky_arrival, layout_loops_ring,
          serial_bayou_pond_d
D:2:      layout_rooms, serial_shops, shop, nicolae_titane
D:3:      layout_loops_ring, nicolae_overflows_in_rows, uniq_jessica
D:4:      layout_basic, trog_ov_bears_minmay, due_unseen_surprise
D:5:      layout_basic, cheibrodos_sewer_entry_sluice, hangedman_decor_opposing
D:6:      layout_basic, minmay_temple_entry_drinking_statues
D:7:      layout_loops_cross
D:8:      layout_basic, dpeg_lair_monsters, nicolae_nh_ransacked_shop
D:9:      layout_rooms, erik_orc_4
Lair:1:   layout_cave_pods, grunt_megastairs_2, uniq_sonja, uniq_fannar
Lair:2:   layout_cave_pods, shoals_dummy_entry, basic_altar,
          minmay_lair_oklob_items, infiniplex_staircase_pool, uniq_amaemon
Lair:3:   layout_misc_corridors, guppyfry_snake_entry_island,
          portal_ice_cave_entry_pillars_2

Skill      XL: |  1  2  3  4  5  6  7  8  9 10 11 |
---------------+----------------------------------+-----
Stealth        | 1 2 |  2.0
Fighting       | 3 4 6 8 |  8.0
Short Blades   | 3 4 |  4.0
Dodging        | 4 |  4.0
Armour         | 1 3 4 6 |  6.0
Polearms       | 2 6 8 9 |  9.0
Evocations     | 3 5 |  5.0
Invocations    | 5 |  5.0
Spellcasting   | 4 6 |  6.0
Fire Magic     | 6 |  6.0
Hexes          | 5 |  5.2
Throwing       | |  1.7

Action                   |  1- 3 |  4- 6 |  7- 9 | 10-12 || total
-------------------------+-------+-------+-------+-------++-------
Melee: Rapier            |     8 |       |       |       ||     8
       Dagger            |    66 |    17 |    14 |       ||    97
       Headbutt          |    15 |    18 |    51 |    74 ||   158
       Short sword       |       |    63 |    22 |       ||    85
       Spear             |       |       |   207 |   292 ||   499
       Punch             |       |       |     3 |     3 ||     6
Throw: Javelin           |       |     2 |     6 |       ||     8
       Throwing net      |       |       |       |     3 ||     3
 Cast: Inner Flame       |       |       |       |     8 ||     8
Invok: Ancestor Life: Kn |       |       |     1 |       ||     1
Evoke: Wand              |       |     1 |       |       ||     1
  Use: Scroll            |     5 |    10 |     4 |     5 ||    24
       Potion            |       |     1 |       |     1 ||     2
 Stab: Sleeping          |     4 |     1 |     2 |     5 ||    12
       Held in net/web   |       |       |       |     3 ||     3
       Distracted        |       |       |       |     2 ||     2
Armor: Leather armour    |    11 |    25 |    46 |    33 ||   115
       Steam dragon scal |       |       |       |    18 ||    18
Dodge: Dodged            |    31 |    29 |    65 |    71 ||   196
Block: Other             |     5 |    17 |    46 |    58 ||   126
       Reflection        |       |       |     2 |     2 ||     4

Table legend: (Time is in decaauts)
 A = Elapsed time spent in this place.
 B = Non-inter-level travel time spent in this place.
 C = Inter-level travel time spent in this place.
 D = Time resting spent in this place.
 E = Time spent auto-exploring this place.
 F = Levels seen in this place.
 G = Mean time per level.
                   A        B        C        D        E       F      G
               +--------+--------+--------+--------+--------+-----+--------+
         Total |  10437 |  10135 |    302 |   1665 |   6979 |  12 |  869.8 |
       Dungeon |   8562 |   8268 |    294 |   1225 |   5849 |   9 |  951.3 |
          Lair |   1874 |   1867 |      7 |    440 |   1130 |   3 |  624.7 |
               +--------+--------+--------+--------+--------+-----+--------+

Top non-repeatable levels by time:
     D:5: 1570 daAuts
     D:8: 1515 daAuts
  Lair:1: 1442 daAuts
     D:7: 1135 daAuts
     D:6: 1127 daAuts
     D:3: 842 daAuts
     D:1: 824 daAuts
     D:4: 732 daAuts
     D:2: 669 daAuts
  Lair:2: 420 daAuts
     D:9: 145 daAuts
  Lair:3: 12 daAuts
